 Dungeon Crawl Stone Soup version 0.29-a0-284-gf9362112df (webtiles) character file.

Game seed: 7172413507237982514

112 sammy202020 the Skirmisher (level 4, -3/43 HPs)
             Began as a Gargoyle Berserker on Mar 20, 2022.
             Was a Believer of Trog.
             Slain by an orc
             ... wielding a +0 trident
              (5 damage)
             ... on level 3 of the Dungeon.
             The game lasted 00:03:38 (2510 turns).

sammy202020 the Skirmisher (Gargoyle Berserker)     Turns: 2510, Time: 00:03:38

Health: -3/43      AC:  7    Str: 21    XL:     4   Next: 95%
Magic:  4/4        EV: 11    Int:  9    God:    Trog [**....]
Gold:   176        SH:  0    Dex:  9    Spells: 3/3 levels left

rFire   . . .      SeeInvis +   a - +0 mace
rCold   . . .      Faith    .   (no shield)
rNeg    + . .      Spirit   .   g - +0 leather armour
rPois   ∞          Reflect  .   (no helmet)
rElec   +          Harm     .   (no cloak)
rCorr   .          Rampage  .   (no gloves)
Will    .....                   (no boots)
Stlth   ..........              (no amulet)
HPRegen 0.14/turn               d - ring of see invisible
MPRegen 0.09/turn               (no ring)

@: berserking, very quick
A: sickness immunity, AC +3, negative energy resistance 1, electricity
resistance, torment resistance 1, petrification resistance
a: Renounce Religion, Berserk, Trog's Hand


You were on level 3 of the Dungeon.
You worshipped Trog.
Trog was pleased with you.
You visited 1 branch of the dungeon, and saw 3 of its levels.

You collected 176 gold pieces.

Inventory:

Hand Weapons
 a - a +0 mace (weapon)
Missiles
 h - 5 poisoned darts (quivered)
Armour
 g - a +0 leather armour (worn)
 m - a +0 buckler
Jewellery
 d - a ring of see invisible (left hand)
Scrolls
 e - a scroll of fear
 i - 2 scrolls of fog {unknown}
 j - a scroll of amnesia {unknown}
 k - a scroll of identify {unknown}
 n - a scroll of enchant weapon {unknown}
Potions
 b - a potion of attraction {unknown}
 c - 2 potions of heal wounds {unknown}
 f - a potion of lignification {unknown}
 l - a potion of haste {unknown}


   Skills:
 * Level 4.1 Fighting
 * Level 3.8 Maces & Flails
 * Level 3.5 Armour
 + Level 2.1 Dodging


You had 3 spell levels left.
You didn't know any spells.
Your spell library was empty.

Dungeon Overview and Level Annotations

Branches:
Dungeon (3/15)

Altars:

Shops:
D:1 =   D:2 (


Innate Abilities, Weirdness & Mutations

You are immune to sickness and miasma.
Your stone body is resilient. (AC +3)
You are immune to poison.
You resist negative energy. (rN+)
You are resistant to electric shocks. (rElec)
You are resistant to unholy torment.
You are immune to petrification.


Message History

You thump the orc!
You kill the orc!
Trog accepts your kill. The orc barely misses you.
You sock the orc!
You kill the orc!
Trog accepts your kill.
The orc hits you from afar with a +0 trident.
You sock the endoplasm!
You kill the endoplasm!
Trog accepts your kill. The orc completely misses you.
The orc closely misses you. The orc hits you with a +0 trident!
Things that are here:
a +0 hand axe; a +0 club You are too injured to fight recklessly!
You are too injured to fight recklessly!
You are too injured to fight recklessly!
You are too injured to fight recklessly!
You are too injured to fight recklessly!
You are too injured to fight recklessly!
You are too injured to fight recklessly!
You are too injured to fight recklessly!
You are too injured to fight recklessly!
Unknown command.
You hit the orc.
The orc is lightly wounded.
The orc hits you with a +0 trident.
* * * LOW HITPOINT WARNING * * *
You hit the orc but do no damage.
The orc is lightly wounded.
The orc hits you with a +0 trident.
* * * LOW HITPOINT WARNING * * *
A red film seems to cover your vision as you go berserk!
You feel yourself moving faster!
You feel mighty! The orc hits you but does no damage.
You barely miss the orc.
The orc is lightly wounded.
The orc hits you with a +0 trident.
You die...

.###.#.## .^#.... .. ...
..... #.....# .# ...
........#.....# .# ....
........#.....# .#.....
#.#.....#.....# .#.....
.......##.....# .......
#.#...........###.......
.........<....'.@.......
..............###o.....#
................##.###.#
....#.........#.# .#
.......##..##.#.# #
............#(# #
...............
................
...##...#...#.#.


You could see an orc.

Vanquished Creatures
  Jessica (D:2)
  4 adders
  2 dart slugs (D:2)
  2 orcs (D:3)
  3 bats
  3 endoplasms
  A giant cockroach (D:2)
  3 goblins (D:1)
  6 hobgoblins
  5 kobolds
  2 quokkas
  2 ball pythons
  2 frilled lizards (D:1)
  7 rats
43 creatures vanquished.

Notes
Turn   | Place    | Note
-------+----------+-------------------------------------------
     0 | D:1      | sammy202020 the Gargoyle Berserker began the quest for the
                  | Orb.
     0 | D:1      | Reached XP level 1. HP: 14/14 MP: 1/1
   193 | D:1      | Found Fiasmur's Jewellery Boutique.
   208 | D:1      | Reached XP level 2. HP: 4/19 MP: 2/2
  1378 | D:2      | Reached XP level 3. HP: 22/23 MP: 3/3
  1493 | D:2      | Reached ** piety under Trog
  1509 | D:2      | Found Otwinu's Antique Weapon Shop.
  1932 | D:2      | Noticed Jessica
  1937 | D:2      | Killed Jessica
  1938 | D:2      | Reached skill level 4 in Fighting
  1938 | D:2      | Reached XP level 4. HP: 29/29 MP: 4/4
  2072 | D:2      | Found a faded altar of an unknown god.
  2508 | D:3      | HP: 1/29 [orc/+0 trident (6)]
  2510 | D:3      | Slain by an orc

Illustrated notes

Levels and vault maps discovered:
D:1:      lightli_arrival_maybe_door_vault, layout_basic, serial_shops,
          shop_fountains
D:2:      layout_basic, serial_shops, shop_fountains,
          hellmonk_ecumenical_altar_run_dry, uniq_jessica
D:3:      layout_basic, minivault_27

Skill      XL: |  1  2  3 |
---------------+----------+-----
Armour         | 3 |  3.5
Fighting       | 4 |  4.1
Dodging        | 2 |  2.1
Maces & Flails | |  3.8

Action                   |  1- 3 |  4- 6 || total
-------------------------+-------+-------++-------
Melee: Mace              |    93 |    37 ||   130
Invok: Berserk           |     1 |     1 ||     2
  Use: Scroll            |       |     1 ||     1
 Stab: Sleeping          |     1 |       ||     1
Armor: Animal skin       |    15 |       ||    15
       Leather armour    |    29 |    17 ||    46
Dodge: Dodged            |    55 |    22 ||    77

Table legend: (Time is in decaauts)
 A = Elapsed time spent in this place.
 B = Non-inter-level travel time spent in this place.
 C = Inter-level travel time spent in this place.
 D = Time resting spent in this place.
 E = Time spent auto-exploring this place.
 F = Levels seen in this place.
 G = Mean time per level.
                   A        B        C        D        E       F      G
               +--------+--------+--------+--------+--------+-----+--------+
         Total |   2548 |   2481 |     67 |    346 |   1717 |   3 |  849.3 |
       Dungeon |   2548 |   2481 |     67 |    346 |   1717 |   3 |  849.3 |
               +--------+--------+--------+--------+--------+-----+--------+

Top non-repeatable levels by time:
     D:1: 1387 daAuts
     D:2: 1103 daAuts
     D:3: 58 daAuts
